 Dungeon Crawl Stone Soup version 0.28-a0-1485-g077359a4bf (webtiles) character file.

Game seed: 8340587936052903658

6638 kae the Transmogrifier (level 10, -1/109 HPs)
             Began as a Red Draconian Transmuter on Jan 11, 2022.
             Was a Follower of Ru.
             Slain by a vampire (5 damage)
             ... on level 9 of the Dungeon.
             The game lasted 00:11:04 (14219 turns).

kae the Transmogrifier (Red Draconian Transmuter)  Turns: 14219, Time: 00:11:05

Health: -1/109     AC: 25    Str: 13    XL:     10   Next: 72%
Magic:  0/31       EV:  2    Int: 18    God:    Ru [*.....]
Gold:   478        SH:  0    Dex: 11    Spells: 17/25 levels left

rFire   . . .      SeeInvis .   g - +0 war axe (vamp)
rCold   . . .      Faith    .   (no shield)
rNeg    . . .      Spirit   +   (armour unavailable)
rPois   +          Reflect  .   (helmet currently unavailable)
rElec   .          Harm     .   (cloak currently unavailable)
rCorr   .          Rampage  .   (gloves currently unavailable)
Will    .....      NoTele   +   (boots currently unavailable)
Stlth   +.........              b - amulet of guardian spirit
HPRegen 0.28/turn               d - ring of magical power
MPRegen 0.22/turn               (no ring)

@: tree-form, studying Short Blades
A: stationary, stasis, torment immunity, boosted hp, (breathe fire), AC +7,
unfitting armour, (fire resistance 1), (cold-blooded), disrupted magic 1
a: Renounce Religion


You were on level 9 of the Dungeon.
You worshipped Ru.
Ru was aware of your devotion.
You were a tree.
You visited 2 branches of the dungeon, and saw 11 of its levels.

You collected 522 gold pieces.
You spent 44 gold pieces at shops.

Inventory:

Hand Weapons
 g - a +0 vampiric war axe (weapon)
Armour
 c - a +1 pair of gloves (melded)
Jewellery
 b - an amulet of guardian spirit (around neck)
 d - a ring of magical power (left branch)
Wands
 f - a wand of flame (9)
 r - a wand of mindburst (11)
Scrolls
 i - 2 scrolls of torment
 k - 3 scrolls of magic mapping
 l - a scroll of enchant armour
 m - 2 scrolls of fog
 n - 5 scrolls of noise
 p - a scroll of teleportation
 t - a scroll of amnesia
Potions
 a - 5 potions of flight
 e - 3 potions of mutation
 j - 5 potions of curing
 o - 4 potions of degeneration
 q - a potion of might
 s - a potion of ambrosia
 u - a potion of haste {unknown}


   Skills:
 + Level 2.0 Fighting
 + Level 2.3 Dodging
 * Level 3.8 Unarmed Combat
 - Level 8.1 Spellcasting
 - Level 12.2 Transmutations
 - Level 5.0 Ice Magic
 - Level 1.0 Poison Magic


You had 17 spell levels left.
You knew the following spells:

 Your Spells              Type           Power      Damage    Failure   Level
a - Beastly Appendage     Tmut           100%       N/A       1%          1
b - Spider Form           Tmut/Pois      31%        N/A       3%          3
c - Ice Form              Ice/Tmut       38%        N/A       4%          4

Your spell library contained the following spells:

 Spells                   Type           Power      Damage    Failure   Level
 Wereblood                Tmut           51%        N/A       1%          2
 Passwall                 Tmut/Erth      24%        N/A       2%          2
 Ozocubu's Armour         Ice            25%        N/A       6%          3
 Ensorcelled Hibernation  Hex/Ice        32%        N/A       9%          2
 Animate Skeleton         Necr           14%        N/A       14%         1
 Magic Dart               Conj           28%        1d4       14%         1
 Pain                     Necr           28%        1d5       14%         1
 Call Imp                 Summ           7%         N/A       21%         2
 Mephitic Cloud           Conj/Pois/Air  8%         N/A       34%         3
 Gell's Gravitas          Tloc           7%         N/A       36%         3
 Lesser Beckoning         Tloc           7%         N/A       36%         3
 Swiftness                Air            7%         N/A       36%         3
 Teleport Other           Tloc           7%         N/A       36%         3
 Vampiric Draining        Necr           7%         2d6       36%         3
 Passage of Golubria      Tloc           7%         N/A       75%         4
 Silence                  Hex/Air        3%         N/A       97%         5
 Ozocubu's Refrigeration  Ice            12%        4d7       100%        7
 Lehudib's Crystal Spear  Conj/Erth      3%         10d3      100%        8


Dungeon Overview and Level Annotations

Branches:
Dungeon (10/15)            Temple (1/1) D:7             Orc (0/2) D:9
   Lair: D:8-11

Altars:
Ashenzari
Cheibriados
Dithmenos
Elyvilon
Fedhas
Gozag
Hepliaklqana
Kikubaaqudgha
Makhleb
Nemelex Xobeh
Okawaru
Qazlal
Ru
Sif Muna
Trog
Uskayaw
Vehumet
Wu Jian
Xom
Yredelemnul
Zin
The Shining One

Shops:
D:7 *

Annotations:
D:8 2 runed translucent doors, orehx's ghost, novice OpEE
D:9 Joseph
D:10 Urug


Innate Abilities, Weirdness & Mutations

You are a tree.
Your roots penetrate the ground, keeping you stationary.
You cannot be teleported.
You are immune to unholy pain and torment.
Your maximum health is greatly increased.
Your equipment is partially melded.
((You can breathe blasts of fire.))
((Your fiery red scales are hard. (AC +7)))
You cannot fit into any form of body armour.
((Your flesh is heat resistant. (rF+)))
((You are cold-blooded and may be slowed by cold attacks.))
Your casting is slightly disrupted.


Message History

You hit something. Something hits you.
* * * LOW HITPOINT WARNING * * *
Something bites you.
* * * LOW HITPOINT WARNING * * *
Something draws strength from your injuries!
You barely miss something. Something hits you.
* * * LOW HITPOINT WARNING * * *
Something bites you.
* * * LOW HITPOINT WARNING * * *
Something draws strength from your injuries!
Okay, then.
Really quaff the potion of lignification?
You warm up again.
Your +0 vampiric war axe unmelds from your body.
Your +1 pair of gloves unmelds from your body.
You feel a sense of dread.
You turn into a tree.
Your +1 pair of gloves melds into your body.
Your roots penetrate the ground.
Something hits you but does no damage. Something completely misses you.
You cannot move.
You cannot move.
You cannot move.
You cannot move.
Okay, then.
Unknown command.
You cannot move.
You cannot move.
You closely miss something. Something hits you but does no damage.
Something bites you.
* * * LOW HITPOINT WARNING * * *
Something draws strength from your injuries!
You miss something. Something hits you.
* * * LOW HITPOINT WARNING * * *
Something bites you but does no damage. Something hits you but does no damage.
Something bites you but does no damage.
You slash something! Something hits you but does no damage.
Something bites you but does no damage.
You barely miss something. Something hits you but does no damage.
Something bites you.
You die...

##.##......###........#......[..#
#.......(..##.............<.....#
#.#.#<..................#####.#..
......#.###.#......[.(..# #.##.
...................[>...# ##.##.
...###........(.........# ##..##.
..## #..................# #..###.
### #....>.............###.## ##
#.........)♣...)...##..# #
#......#..){......(#..## #
#......#...........#.## #
####.^......(........# #
#####.............# #
###.....<.....# # ##.##.......##
# #...........######
#####..........#.(


There were no monsters in sight!

Vanquished Creatures
  A two-headed ogre (D:9)
  Maurice (D:7)
  Maggie (D:10)
  Psyche (D:9)
  2 trolls
  2 hornets
  A wyvern (D:7)
  Eustachio (D:5)
  A steam dragon (D:7)
  Menkaure (D:5)
  2 sky beasts (D:7)
  5 orc warriors
  A necrophage (D:4)
  A black bear (D:6)
  2 ogres (D:6)
  6 centaurs
  A kobold brigand (D:7)
  5 bullfrogs
  17 killer bees
  7 wights (D:7)
  10 howler monkeys
  2 jellies
  3 orc priests
  A hound (D:5)
  3 centaur zombies
  A bullfrog skeleton (D:5)
  An iguana (D:7)
  2 orc wizards (D:8)
  Natasha (thrice) (D:3)
  2 killer bee zombies
  A hound skeleton (D:4)
  2 howler monkey zombies
  7 adders
  2 gnolls (D:9)
  2 shadow imps
  A white imp (D:7)
  An ufetubus (D:7)
  An adder skeleton (D:4)
  A worm (D:2)
  16 orcs
  8 ball pythons
  9 bats
  6 endoplasms
  A giant cockroach (D:1)
  3 goblins
  5 hobgoblins
  7 jackals (D:3)
  12 kobolds
  4 quokkas
  3 frilled lizards
  3 rats
182 creatures vanquished.

Vanquished Creatures (others)
  A wight (D:7)
1 creature vanquished.

Grand Total: 183 creatures vanquished

Notes
Turn   | Place    | Note
-------+----------+-------------------------------------------
     0 | D:1      | kae the Draconian Transmuter began the quest for the Orb.
     0 | D:1      | Reached XP level 1. HP: 16/16 MP: 3/3
   163 | D:1      | Reached XP level 2. HP: 18/23 MP: 3/5
   567 | D:1      | Reached skill level 3 in Transmutations
   795 | D:1      | Reached XP level 3. HP: 27/28 MP: 4/6
   799 | D:1      | Learned a level 3 spell: Spider Form
   838 | D:2      | Found a faded altar of an unknown god.
  1733 | D:3      | Noticed Natasha
  1746 | D:3      | Killed Natasha
  1846 | D:3      | Reached XP level 4. HP: 35/35 MP: 8/8
  1850 | D:3      | Reached skill level 1 in Poison Magic
  1855 | D:3      | Learned a level 4 spell: Ice Form
  1903 | D:3      | Noticed Natasha
  1913 | D:3      | Killed Natasha
  2016 | D:3      | Reached skill level 1 in Ice Magic
  2065 | D:3      | Noticed Natasha
  2073 | D:3      | Killed Natasha
  2074 | D:3      | Reached skill level 4 in Transmutations
  2464 | D:3      | Reached XP level 5. HP: 38/40 MP: 9/9
  3232 | D:4      | Noticed a necrophage
  3242 | D:4      | Killed a necrophage
  3243 | D:4      | Reached XP level 6. HP: 29/47 MP: 10/10
  3967 | D:5      | Entered Level 5 of the Dungeon
  3967 | D:5      | Noticed Eustachio
  4063 | D:5      | Reached skill level 5 in Transmutations
  4420 | D:5      | Noticed Menkaure
  4772 | D:5      | Killed Menkaure
  4773 | D:5      | Your scales start taking on a fiery red colour.
  4773 | D:5      | Reached XP level 7. HP: 32/52 MP: 12/12
  4773 | D:5      | Gained mutation: Your flesh is heat resistant. (rF+) [Red
                  | Draconian growth]
  4887 | D:5      | Killed Eustachio
  5105 | D:5      | Reached skill level 6 in Transmutations
  5487 | D:6      | Noticed a two-headed ogre
  5698 | D:6      | Reached XP level 8. HP: 59/59 MP: 14/14
  6151 | D:6      | Noticed a troll
  6152 | D:6      | Noticed a two-headed ogre
  6180 | D:5      | Killed a troll
  6181 | D:5      | Reached skill level 7 in Transmutations
  6181 | D:5      | Reached skill level 5 in Ice Magic
  7176 | D:7      | Reached skill level 5 in Spellcasting
  7317 | D:7      | Found a staircase to the Ecumenical Temple.
  7358 | D:7      | Reached skill level 8 in Transmutations
  7384 | Temple   | Entered the Ecumenical Temple
  7586 | Temple   | Became a worshipper of Ru the Awakened
  7760 | Temple   | Reached XP level 9. HP: 14/64 MP: 8/17
  8156 | D:7      | HP: 1/73 [something/ball of steam (14)]
  8166 | D:7      | Reached skill level 9 in Transmutations
  8550 | D:7      | Found Wisoeh's Assorted Antiques.
  8557 | D:7      | Bought a glowing yellow potion for 22 gold pieces
  8557 | D:7      | Bought a golden potion for 22 gold pieces
  9077 | D:7      | Identified the +4 chain mail of Suythyz {Str+5}
  9257 | D:8      | Noticed Maurice
  9489 | D:8      | Reached skill level 10 in Transmutations
  9546 | D:7      | Killed Maurice
  9669 | D:8      | Found a large runed translucent door.
  9669 | D:8      | Found a large runed translucent door.
  9671 | D:8      | Noticed orehx's ghost (novice OpEE)
 10832 | D:8      | Reached XP level 10. HP: 71/71 MP: 20/20
 10927 | D:8      | Reached skill level 11 in Transmutations
 11062 | D:8      | Found a shimmering blue altar of Sif Muna.
 11271 | D:9      | Noticed a two-headed ogre
 11279 | D:9      | Killed a two-headed ogre
 11280 | D:9      | Noticed Psyche
 11572 | D:8      | Gained mutation: Your casting is slightly disrupted. [Ru
                  | sacrifice]
 11572 | D:8      | Reached * piety under Ru
 11722 | D:9      | Found a staircase to the Orcish Mines.
 12397 | D:9      | Reached skill level 12 in Transmutations
 12591 | D:9      | Killed Psyche
 12704 | D:9      | Identified the +1 chain mail of Bedevilment {rF+ Regen+
                  | Dex+3}
 12742 | D:9      | Noticed Joseph
 12922 | D:10     | Entered Level 10 of the Dungeon
 13067 | D:10     | Noticed Urug
 13600 | D:10     | Noticed Maggie
 13616 | D:10     | Killed Maggie
 14217 | D:9      | HP: 3/109 [something (3)]
 14219 | D:9      | Slain by a vampire

Illustrated notes

Levels and vault maps discovered:
D:1:      lemuel_arrival_room, layout_rooms
D:2:      layout_loops_ring, nicolae_ecumenical_oubliette
D:3:      layout_basic, dk_vineyard_3, serial_bayou_lake_a, uniq_natasha
D:4:      layout_loops_cross
D:5:      layout_loops_ring, uniq_eustachio, uniq_menkaure
D:6:      minmay_cornered_nines, layout_basic
D:7:      layout_loops_cross, minmay_temple_entry_offerings, serial_shops,
          nicolae_shop_temple_entry_statues_fountains
D:8:      layout_rooms, marbit_many_paths, ebering_ghost_disaster_area,
          uniq_maurice
D:9:      layout_rooms, orc_0_dummy, uniq_joseph, uniq_psyche
D:10:     layout_cave_pools, serial_glass, glass_columns_a, glass_columns_b,
          uniq_maggie, uniq_urug
Temple:   grunt_wide_crystal_templ

Skill      XL: |  1  2  3  4  5  6  7  8  9 10 |
---------------+-------------------------------+-----
Transmutations | 3 4 5 6 8 10 12 | 12.2
Poison Magic   | 1 |  1.0
Ice Magic      | 1 2 3 4 5 |  5.0
Spellcasting   | 3 4 5 7 8 |  8.1
Dodging        | 2 |  2.3
Fighting       | 2 |  2.0
Unarmed Combat | |  3.8

Action                   |  1- 3 |  4- 6 |  7- 9 | 10-12 || total
-------------------------+-------+-------+-------+-------++-------
Melee: Unarmed           |   123 |    55 |   168 |   149 ||   495
       Kick              |    12 |    18 |       |       ||    30
       Tailslap          |     9 |    19 |    15 |     1 ||    44
       Punch             |     1 |     2 |     3 |       ||     6
       Headbutt          |    10 |    12 |       |       ||    22
       War axe           |       |   102 |    90 |     6 ||   198
 Cast: Beastly Appendage |    27 |    25 |       |       ||    52
       Spider Form       |       |     5 |       |       ||     5
       Ice Form          |       |       |    21 |    19 ||    40
Invok: Sacrifice Essence |       |       |       |     1 ||     1
 Abil: Breathe Fire      |       |       |    18 |     4 ||    22
Evoke: Wand              |       |       |     6 |     2 ||     8
  Use: Scroll            |     2 |     8 |     7 |     4 ||    21
       Potion            |       |       |     3 |     1 ||     4
 Stab: Sleeping          |     1 |       |       |       ||     1
Armor: Skin              |    54 |    55 |   143 |   109 ||   361
Dodge: Dodged            |   111 |   124 |   276 |   117 ||   628

Table legend: (Time is in decaauts)
 A = Elapsed time spent in this place.
 B = Non-inter-level travel time spent in this place.
 C = Inter-level travel time spent in this place.
 D = Time resting spent in this place.
 E = Time spent auto-exploring this place.
 F = Levels seen in this place.
 G = Mean time per level.
                   A        B        C        D        E       F      G
               +--------+--------+--------+--------+--------+-----+--------+
         Total |  14355 |  13785 |    570 |   2807 |   8913 |  11 | 1305.0 |
       Dungeon |  13712 |  13165 |    547 |   2539 |   8611 |  10 | 1371.2 |
        Temple |    643 |    620 |     23 |    268 |    302 |   1 |  643.0 |
               +--------+--------+--------+--------+--------+-----+--------+

Top non-repeatable levels by time:
     D:8: 2283 daAuts
     D:7: 2180 daAuts
     D:5: 1752 daAuts
     D:9: 1480 daAuts
     D:6: 1339 daAuts
     D:3: 1334 daAuts
     D:4: 1076 daAuts
     D:1: 875 daAuts
     D:2: 821 daAuts
  Temple: 643 daAuts
    D:10: 568 daAuts
